Map: Abiogenesis LE

Players

CinDra

  • Race: Zerg Zerg
  • League: Gold
  • Spawn Location: 11:00

chad - Winner!

  • Race: Protoss Protoss
  • League: Platinum
  • Spawn Location: 5:00

VOD

Have the link to the VOD?

Description

Time

  • Played on: March 11, 2018, 11:27 p.m.
  • Length: 11:57
Show
View Real Time Build Order
Export as new Build Order

CinDra Zerg 

Build Orders: Pool First 

Get SALT Encoding   

  12  0:01  Drone  
  13  0:12  Overlord  
  13  0:17  Drone  
  14  0:31  Drone x2  
  14  0:35  Drone  
  17  0:42  Extractor  
  16  0:45  Drone  
  17  0:52  Spawning Pool  
  17  0:56  Drone  
  17  1:21  Drone  
  17  1:23  Hatchery  
  17  1:26  Drone  
  17  1:31  Drone  
  19  1:38  Overlord  
  19  1:47  Metabolic Boost  
  19  1:51  Zergling x2  
  20  1:58  Queen  
  22  2:06  Zergling x2  
  23  2:11  Zergling x2  
  24  2:22  Zergling x2  
  25  2:32  Zergling x2  
  26  2:41  Zergling x2  
  27  2:52  Queen  
  27  2:53  Drone x2  
  31  3:08  Baneling Nest, Drone  
  31  3:09  Drone x3  
  32  3:24  Zergling x8  
  32  3:31  Zergling x4  
  34  3:41  Overlord  
  34  3:42  Overlord  
  34  3:53  Zergling x4  
  36  4:03  Baneling x3  
  36  4:10  Extractor  
  36  4:11  Drone x3  
  36  4:14  Drone x2  
  36  4:15  Zergling x4  
  42  4:19  Zergling x2  
  42  4:50  Overlord  
  42  4:51  Overlord x6  
  42  4:54  Queen  
  42  4:55  Hatchery  
  43  5:08  Queen  
  43  5:10  Zergling x6  
  43  5:11  Drone  
  43  5:12  Drone  
  50  5:15  Drone  
  50  5:16  Drone x3  
  50  5:21  Drone x2  
  56  5:37  Drone x2  
  58  5:51  Lair  
  58  5:52  Pneumatized Carapace  
  58  5:53  Drone  
  58  5:54  Drone x7  
  66  6:06  Baneling x4  
  66  6:07  Baneling x6  
  66  6:14  Drone  
  66  6:15  Drone x4  
  71  6:20  Extractor  
  71  6:21  Drone  
  71  6:25  Extractor  
  70  6:26  Drone x2  
  70  6:28  Zergling x2  
  73  6:53  Drone  
  74  6:55  Drone  
  74  6:56  Drone x11  
  86  7:04  Spire  
  86  7:05  Drone x2  
  86  7:08  Evolution Chamber  
  86  7:11  Evolution Chamber  
  66  7:23  Zergling x2  
  66  7:24  Zergling x10  
  69  7:36  Zergling x2  
  66  7:37  Zergling x2  
  57  7:49  Zergling x6  
  31  8:01  Zergling x4  
  31  8:04  Zerg Melee Weapons Level 1, Zerg Ground Armor Level 1  
  29  8:05  Zergling x2  
  29  8:11  Queen  
  32  8:23  Zergling x2  
  32  8:24  Zergling x2  
  32  8:36  Zergling x2  
  33  8:46  Zergling x2  
  34  8:53  Mutalisk  
  36  9:05  Mutalisk x2  
  36  9:06  Mutalisk  
  42  9:13  Zerg Flyer Weapons Level 1, Mutalisk  
  42  9:16  Hatchery  
  43  9:25  Mutalisk  
  45  9:45  Mutalisk x3  
  51  9:53  Hatchery  
  50  10:02  Mutalisk  
  50  10:05  Drone  
  53  10:24  Mutalisk  
  55  10:36  Mutalisk  
  55  10:38  Queen  
  53  11:07  Drone  
  53  11:08  Drone x9  
  53  11:09  Drone  
  64  11:17  Drone  
  65  11:19  Drone  
  66  11:27  Drone  
Show
View Real Time Build Order
Export as new Build Order

chad Protoss - Winner!

Build Orders: 1 Gate Expand 

Get SALT Encoding   

  12  0:01  Probe  
  13  0:13  Probe  
  14  0:18  Pylon  
  14  0:25  Probe (Chrono Boost)  
  15  0:37  Probe (Chrono Boost)  
  15  0:39  Gateway  
  16  0:45  Probe (Chrono Boost)  
  17  0:52  Probe (Chrono Boost)  
  19  1:04  Probe (Chrono Boost)  
  19  1:11  Probe (Chrono Boost)  
  19  1:18  Probe  
  20  1:22  Nexus  
  21  1:30  Pylon  
  21  1:36  Forge  
  21  1:42  Assimilator  
  21  1:46  Probe  
  22  1:50  Zealot  
  24  1:59  Probe (Chrono Boost)  
  25  2:02  Cybernetics Core  
  25  2:11  Probe (Chrono Boost)  
  25  2:15  Photon Cannon  
  26  2:24  Photon Cannon  
  26  2:31  Zealot  
  28  2:38  Gateway  
  28  2:42  Warp Gate  
  28  2:51  Probe (Chrono Boost)  
  28  2:58  Stalker  
  31  3:02  Probe (Chrono Boost)  
  31  3:04  Probe (Chrono Boost)  
  33  3:07  Probe (Chrono Boost)  
  34  3:13  Probe  
  34  3:18  Probe  
  36  3:25  Probe  
  37  3:28  Zealot  
  37  3:30  Pylon  
  39  3:38  Photon Cannon  
  39  3:39  Probe  
  40  3:42  Probe  
  41  3:49  Protoss Ground Weapons Level 1 (Chrono Boost)  
  41  3:51  Probe (Chrono Boost)  
  41  3:55  Zealot x2  
  47  3:57  Probe (Chrono Boost)  
  48  4:03  Probe (Chrono Boost)  
  48  4:06  Pylon  
  48  4:08  Probe (Chrono Boost)  
  48  4:09  Assimilator  
  49  4:12  Probe (Chrono Boost)  
  49  4:16  Probe (Chrono Boost)  
  51  4:19  Pylon  
  51  4:20  Probe (Chrono Boost)  
  51  4:21  Probe (Chrono Boost)  
  53  4:29  Twilight Council  
  53  4:30  Probe  
  54  4:36  Gateway  
  54  4:38  Gateway  
  54  4:48  Probe  
  54  4:52  Assimilator  
  55  4:55  Zealot  
  55  4:56  Zealot  
  55  4:57  Assimilator  
  55  4:59  Probe  
  60  5:00  Probe  
  61  5:08  Charge (Chrono Boost)  
  61  5:11  Probe  
  61  5:12  Probe  
  63  5:22  Zealot x2  
  63  5:24  Probe (Chrono Boost)  
  63  5:27  Probe (Chrono Boost)  
  69  5:33  Protoss Ground Armor Level 1 (Chrono Boost)  
  69  5:35  Probe (Chrono Boost)  
  70  5:43  Nexus, Pylon  
  70  5:44  Pylon  
  70  5:46  Pylon  
  70  5:47  Pylon  
  70  6:01  Probe x2  
  70  6:02  Zealot x2  
  70  6:03  Zealot  
  78  6:05  Stalker  
  80  6:13  Probe x2  
  80  6:17  Photon Cannon  
  82  6:19  Photon Cannon  
  82  6:24  Zealot x2  
  82  6:25  Stalker, Probe  
  89  6:28  Zealot  
  91  6:44  Photon Cannon  
  91  6:45  Photon Cannon  
  91  6:48  Photon Cannon  
  91  6:49  Photon Cannon  
  91  6:52  Photon Cannon  
  90  7:02  Zealot x3  
  78  7:43  Zealot x2  
  78  7:44  Zealot x2  
  84  7:46  Probe (Chrono Boost)  
  87  7:56  Probe (Chrono Boost)  
  86  8:01  Probe (Chrono Boost)  
  87  8:07  Photon Cannon  
  87  8:09  Photon Cannon  
  87  8:12  Probe  
  88  8:15  Stargate  
  88  8:16  Stargate  
  88  8:24  Probe  
  89  8:28  Stalker x4  
  97  8:41  Probe (Chrono Boost)  
  97  8:47  Assimilator  
  98  8:51  Assimilator, Probe (Chrono Boost)  
  98  8:52  Pylon  
  99  8:56  Probe (Chrono Boost)  
  99  8:57  Stalker, Pylon  
  99  8:58  Stalker x2  
  106  9:07  Probe  
  107  9:13  Nexus  
  107  9:15  Zealot  
  107  9:16  Pylon  
  109  9:18  Pylon  
  109  9:19  Protoss Shields Level 1  
  109  9:20  Probe  
  109  9:21  Forge, Pylon  
  109  9:23  Blink  
  110  9:25  Protoss Air Weapons Level 1 (Chrono Boost)  
  110  9:29  Fleet Beacon  
  110  9:37  Photon Cannon x2  
  110  9:40  Photon Cannon  
  110  9:42  Photon Cannon  
  110  9:46  Photon Cannon  
  110  9:50  Photon Cannon  
  110  9:54  Pylon  
  110  9:59  Photon Cannon  
  110  10:00  Photon Cannon  
  110  10:03  Photon Cannon  
  110  10:06  Stalker  
  112  10:07  Stalker x2  
  112  10:08  Stalker  
  118  10:16  Probe (Chrono Boost)  
  119  10:26  Probe (Chrono Boost)  
  120  10:31  Anion Pulse-Crystals, Probe (Chrono Boost)  
  121  10:39  Stalker x3  
  121  10:40  Stalker  
  121  10:42  Probe  
  114  10:48  Photon Cannon  
  114  10:53  Photon Cannon  
  114  10:54  Probe  
  114  10:56  Pylon  
  115  11:12  Photon Cannon  
  115  11:14  Photon Cannon  
  115  11:17  Photon Cannon  
  115  11:18  Photon Cannon  
  115  11:22  Photon Cannon  
  115  11:23  Photon Cannon  
  115  11:25  Pylon  
  115  11:27  Photon Cannon  
  115  11:37  Stargate  
  116  11:40  Probe  
  116  11:43  Stargate  
  116  11:45  Photon Cannon  
  116  11:48  Photon Cannon  
Tags
 
Add a new tag
Caveats
  • Supply blocks, unpowered buildings, or Contaminate may cause inaccurate times.
  • Supply counts are checked every 10 seconds.